[Event "EWIBCC 2019"]
[Site "Monte-Carlo"]
[Date "2019.11.29"]
[Round "5.4"]
[White "Chiburdanidze, Maia"]
[Black "Berend, Elvira"]
[Result "1-0"]
[ECO "D05"]
[WhiteElo "2500"]
[BlackElo "2349"]
[Annotator "RC"]
[PlyCount "97"]
[EventDate "2019.11.29"]
[EventType "swiss"]
[EventCountry "MNC"]
[SourceTitle "playchess.com"]
[Source "ChessBase"]
[SourceQuality "1"]
[TimeControl "180+2"]

1. d4 Nf6 2. Nf3 e6 3. e3 c5 4. Bd3 b6 5. O-O Bb7 6. b3 Be7 7. Bb2 O-O 8. Qe2 d5 9. Nbd2 Nc6 10. a3 a6 11. Rfd1 Qc7 12. Ne5 Nxe5 13. dxe5 Nd7 14. f4 b5 15. c4 bxc4 16. bxc4 Nb6 17. Rac1 f5 18. cxd5 exd5 19. Bb1 Rac8 20. Ba1 Qc6 21. Nb3 Qb5 22. Qa2 Kh8 23. Bd3 c4 24. Nd4 Qd7 25. Bxf5 Qe8 26. Qb1 Bc5 27. Bxh7 Rb8 28. Bg6 Qe7 29. Qc2 Bc8 30. Qe2 Qh4 31. f5 Qg5 32. e6 Bxd4 33. Rxd4 Bxe6 34. Rg4 Qh6 35. fxe6 d4 36. Bxd4 Nd5 37. Be4 Nf6 38. Rg3 Nxe4 39. Rh3 Qxh3 40. gxh3 Rbe8 41. Qg4 Nf6 42. Bxf6 Rxf6 43. Rxc4 Rfxe6 44. Rc8 Rxc8 45. Qxe6 Rc1+ 46. Kf2 Rc2+ 47. Kg3 Rc3 48. Qxa6 Rxe3+ 49. Kg4 1-0

[Event "EWIBCC 2019"]
[Site "Monte-Carlo"]
[Date "2019.11.29"]
[Round "5.6"]
[White "Dornbusch, Tatiana"]
[Black "Michna, Marta"]
[Result "0-1"]
[ECO "A55"]
[WhiteElo "2269"]
[BlackElo "2366"]
[Annotator "NA"]
[PlyCount "136"]
[EventDate "2019.11.29"]
[EventType "swiss"]
[EventCountry "MNC"]
[SourceTitle "playchess.com"]
[Source "ChessBase"]
[SourceQuality "1"]
[TimeControl "180+2"]

1. d4 Nf6 2. Nf3 d6 3. g3 Nbd7 4. Bg2 e5 5. c4 Be7 6. O-O O-O 7. Nc3 c6 8. e4 Qc7 9. h3 Re8 10. Be3 Bf8 11. d5 a6 12. Rc1 c5 13. Nh4 g6 14. f4 exf4 15. gxf4 Bg7 16. Qc2 Nh5 17. Nf3 Qd8 18. Kh2 Rb8 19. a4 b6 20. Qd3 Nf8 21. Bd2 f5 22. e5 dxe5 23. fxe5 Rxe5 24. Nxe5 Bxe5+ 25. Kg1 Qd6 26. Ne2 Bd7 27. b3 Re8 28. Bf3 Bd4+ 29. Nxd4 Qg3+ 30. Kh1 Qxh3+ 31. Kg1 Qg3+ 32. Kh1 Qh3+ 33. Kg1 cxd4 34. Rf2 f4 35. Qxd4 Ng3 36. Rh2 Qf5 37. Qxf4 Qxf4 38. Bxf4 Nf5 39. Re2 Rc8 40. Be5 Nh4 41. Be4 Bg4 42. Rf2 Nd7 43. Bd4 Re8 44. Re1 Nf3+ 45. Rxf3 Bxf3 46. Bxf3 Rxe1+ 47. Kf2 Rb1 48. Bg4 Nf8 49. Bxb6 Rxb3 50. a5 Rb4 51. Be2 Rb2 52. d6 Kf7 53. d7 Nxd7 54. c5 Ke6 55. Ke3 Nxb6 56. cxb6 Kd7 57. Bxa6 Ra2 58. Bb5+ Kc8 59. a6 Ra5 60. a7 Kb7 61. Bc4 Kxb6 62. Bg8 Rxa7 63. Kf4 h6 64. Kg4 Ra4+ 65. Kg3 Kc5 66. Bf7 Ra6 67. Kg4 Kd4 68. Kh4 Ke5 0-1

[Event "EWIBCC 2019"]
[Site "Monte-Carlo"]
[Date "2019.11.29"]
[Round "5.8"]
[White "Benmesbah, Natacha"]
[Black "Buksa, Nataliya"]
[Result "0-1"]
[ECO "B31"]
[WhiteElo "2265"]
[BlackElo "2410"]
[Annotator "NA"]
[PlyCount "60"]
[EventDate "2019.11.29"]
[EventType "swiss"]
[EventCountry "MNC"]
[SourceTitle "playchess.com"]
[Source "ChessBase"]
[SourceQuality "1"]
[TimeControl "180+2"]

1. e4 c5 2. Nf3 Nc6 3. Bb5 g6 4. Bxc6 dxc6 5. d3 Bg7 6. h3 Nf6 7. Nc3 Nd7 8. O-O e5 9. Be3 b6 10. Qd2 Nf8 11. a3 Ne6 12. b4 Nd4 13. Nh2 Be6 14. bxc5 bxc5 15. Rab1 O-O 16. Na4 Qe7 17. c3 Nb3 18. Rxb3 Bxb3 19. Bxc5 Qe8 20. Nb2 Qd8 21. Bxf8 Bxf8 22. c4 Qd6 23. a4 Qb4 24. Nf3 f6 25. Rb1 Rb8 26. Nd1 Qxa4 27. Nc3 Qa5 28. Nd1 Qc7 29. Qb2 Bd6 30. Nd2 Bxd1 0-1

[Event "EWIBCC 2019"]
[Site "Monte-Carlo"]
[Date "2019.11.29"]
[Round "5.9"]
[White "Guichard, Pauline"]
[Black "Daulyte-Cornette, Deimante"]
[Result "1-0"]
[ECO "A10"]
[WhiteElo "2407"]
[BlackElo "2405"]
[Annotator "RC"]
[PlyCount "78"]
[EventDate "2019.11.29"]
[EventType "swiss"]
[EventCountry "MNC"]
[SourceTitle "playchess.com"]
[Source "ChessBase"]
[SourceQuality "1"]
[TimeControl "180+2"]

1. c4 b6 2. e4 Bb7 3. Nc3 e5 4. g3 f5 5. d3 Nf6 6. Bg2 Bc5 7. Nge2 O-O 8. O-O fxe4 9. Nxe4 Nxe4 10. dxe4 Nc6 11. Bd2 Rf7 12. Nc3 Qf8 13. Qe1 Nd4 14. Rc1 Nf3+ 15. Bxf3 Rxf3 16. Nd5 Bxd5 17. cxd5 a5 18. a3 a4 19. Bb4 d6 20. Bxc5 bxc5 21. Rc3 Rb8 22. Qc1 Rb3 23. Rxf3 Qxf3 24. Qc4 Rxb2 25. Qxa4 h6 26. h4 Kh7 27. Qd7 Ra2 28. Qxc7 Qxe4 29. Qxd6 c4 30. Qc5 Qd3 31. d6 Rd2 32. Qxe5 Qxd6 33. Qf5+ Qg6 34. Qxg6+ Kxg6 35. Rc1 Rd4 36. a4 Kf5 37. a5 Ke4 38. a6 Rd6 39. Re1+ Kf5 1-0

[Event "EWIBCC 2019"]
[Site "Monte-Carlo"]
[Date "2019.11.29"]
[Round "5.10"]
[White "Worek, Joanna"]
[Black "Bulmaga, Irina"]
[Result "0-1"]
[ECO "C45"]
[WhiteElo "2316"]
[BlackElo "2435"]
[Annotator "NA"]
[PlyCount "44"]
[EventDate "2019.11.29"]
[EventType "swiss"]
[EventCountry "MNC"]
[SourceTitle "playchess.com"]
[Source "ChessBase"]
[SourceQuality "1"]
[TimeControl "180+2"]

1. e4 e5 2. Nf3 Nc6 3. d4 exd4 4. Nxd4 Nf6 5. Nxc6 bxc6 6. Qe2 Bc5 7. Nc3 O-O 8. Bg5 h6 9. Bh4 Re8 10. O-O-O d6 11. f3 a5 12. g4 Rb8 13. Kb1 Qe7 14. Bg3 Nd7 15. h4 Ne5 16. g5 h5 17. Na4 Bb4 18. Qe3 c5 19. Bxe5 Qxe5 20. Rd5 Qxd5 21. Bd3 Qd4 22. Qf4 Ba3 0-1

[Event "EWIBCC 2019"]
[Site "Monte-Carlo"]
[Date "2019.11.29"]
[Round "5.11"]
[White "Babiy, Olga"]
[Black "Mkrtchian, Lilit"]
[Result "1-0"]
[ECO "C17"]
[WhiteElo "2249"]
[BlackElo "2402"]
[Annotator "NA"]
[PlyCount "24"]
[EventDate "2019.11.29"]
[EventType "swiss"]
[EventCountry "MNC"]
[SourceTitle "playchess.com"]
[Source "ChessBase"]
[SourceQuality "1"]
[TimeControl "180+2"]

1. e4 e6 2. d4 d5 3. Nc3 Bb4 4. e5 c5 5. Bd2 Nh6 6. dxc5 Bxc5 7. Bd3 Nc6 8. f4 a6 9. Nf3 Ng4 10. Qe2 Nf2 11. Rf1 Nxd3+ 12. cxd3 Bd7 1-0

[Event "EWIBCC 2019"]
[Site "Monte-Carlo"]
[Date "2019.11.29"]
[Round "5.12"]
[White "Kazarian, Anna-Maja"]
[Black "Reizniece-Ozola, Dana"]
[Result "1-0"]
[ECO "E99"]
[WhiteElo "2109"]
[BlackElo "2305"]
[Annotator "NA"]
[PlyCount "83"]
[EventDate "2019.11.29"]
[EventType "swiss"]
[EventCountry "MNC"]
[SourceTitle "playchess.com"]
[Source "ChessBase"]
[SourceQuality "1"]
[TimeControl "180+2"]

1. Nf3 Nf6 2. c4 g6 3. Nc3 Bg7 4. e4 d6 5. d4 O-O 6. Be2 e5 7. O-O Nc6 8. d5 Ne7 9. Ne1 Nd7 10. Be3 f5 11. f3 Kh8 12. b4 a5 13. a3 b6 14. Nd3 axb4 15. axb4 Rxa1 16. Qxa1 Ng8 17. Nb5 fxe4 18. fxe4 Rxf1+ 19. Bxf1 Ndf6 20. Nf2 Bh6 21. Bxh6 Nxh6 22. Qa7 Ne8 23. Qb8 Nf7 24. Nd3 Bd7 25. Qxd8 Nxd8 26. Nc3 Nf6 27. c5 bxc5 28. bxc5 Kg7 29. c6 Bc8 30. Nb4 Kf7 31. Ba6 Bg4 32. h3 Bh5 33. g4 Nxg4 34. hxg4 Bxg4 35. Bf1 Ke7 36. Nb5 Nf7 37. Nxc7 Ng5 38. Bg2 h5 39. Nb5 h4 40. c7 Kd7 41. Nc6 Be2 42. Nca7 1-0

[Event "EWIBCC 2019"]
[Site "Monte-Carlo"]
[Date "2019.11.29"]
[Round "5.13"]
[White "Kosteniuk, Alexandra"]
[Black "Osmak, Iulija"]
[Result "1-0"]
[ECO "B00"]
[WhiteElo "2483"]
[BlackElo "2401"]
[Annotator "ChessBase"]
[PlyCount "93"]
[EventDate "2019.11.29"]
[EventType "swiss"]
[EventCountry "MNC"]
[SourceTitle "playchess.com"]
[Source "ChessBase"]
[SourceQuality "1"]
[TimeControl "180+2"]

1. e4 Nc6 2. Nf3 d6 3. d4 Bg4 4. d5 Nb8 5. h3 Bd7 6. c4 c6 7. Nc3 Nf6 8. Bd3 Na6 9. Be3 e5 10. O-O Be7 11. Nd2 O-O 12. a3 cxd5 13. exd5 Ne8 14. f4 exf4 15. Bxf4 Qb6+ 16. Rf2 Bf6 17. Kf1 Bd4 18. Re2 Nc5 19. Nf3 Bxc3 20. bxc3 Nxd3 21. Qxd3 g6 22. Nd4 Ng7 23. Rb1 Qc7 24. Re7 Rac8 25. Nb5 Qd8 26. Rbe1 Nf5 27. R7e4 Bxb5 28. cxb5 Qa5 29. c4 Qc7 30. g4 Ng7 31. Bh6 Rfe8 32. Qd4 Re5 33. Rxe5 dxe5 34. Rxe5 Qxc4+ 35. Qxc4 Rxc4 36. Re7 Rd4 37. Rxb7 Ne8 38. Rb8 f6 39. Rxe8+ Kf7 40. Ra8 g5 41. Rxa7+ Kg6 42. Bf8 Rxd5 43. b6 Rb5 44. b7 h5 45. Bd6 hxg4 46. hxg4 f5 47. b8=Q 1-0

[Event "EWIBCC 2019"]
[Site "Monte-Carlo"]
[Date "2019.11.29"]
[Round "5.14"]
[White "Rogule, Laura"]
[Black "Dzagnidze, Nana"]
[Result "0-1"]
[ECO "A36"]
[WhiteElo "2293"]
[BlackElo "2502"]
[Annotator "ChessBase"]
[PlyCount "88"]
[EventDate "2019.11.29"]
[EventType "swiss"]
[EventCountry "MNC"]
[SourceTitle "playchess.com"]
[Source "ChessBase"]
[SourceQuality "1"]
[TimeControl "180+2"]

1. c4 c5 2. Nc3 Nc6 3. g3 g6 4. Bg2 Bg7 5. e4 d6 6. Nge2 Bd7 7. d3 Qc8 8. h3 Nf6 9. Be3 O-O 10. g4 Ne8 11. Ng3 Nd4 12. Nd5 Qd8 13. Qd2 Nc7 14. O-O e6 15. Nxc7 Qxc7 16. Bh6 Bc6 17. Bxg7 Kxg7 18. Nh5+ Kh8 19. Qh6 f5 20. Nf4 Qg7 21. Qxg7+ Kxg7 22. exf5 Bxg2 23. Kxg2 gxf5 24. g5 Rae8 25. Rfe1 e5 26. Nh5+ Kg6 27. Nf6 Re6 28. h4 h6 29. f4 exf4 30. Rxe6 Nxe6 31. Re1 Nd4 32. Re7 hxg5 33. hxg5 Rh8 34. Nd5 f3+ 35. Kg3 Kxg5 36. Rg7+ Kh6 37. Rxb7 Rg8+ 38. Kf2 Rg2+ 39. Kf1 Rd2 40. Nf4 Kg5 41. Nh3+ Kg4 42. Nf2+ Kf4 43. Rxa7 Rxb2 44. Nh3+ Kg3 0-1

[Event "EWIBCC 2019"]
[Site "Monte-Carlo"]
[Date "2019.11.29"]
[Round "5.15"]
[White "Muzychuk, Mariya"]
[Black "Terbe, Julianna"]
[Result "1-0"]
[ECO "B30"]
[WhiteElo "2552"]
[BlackElo "2287"]
[Annotator "ChessBase"]
[PlyCount "85"]
[EventDate "2019.11.29"]
[EventType "swiss"]
[EventCountry "MNC"]
[SourceTitle "playchess.com"]
[Source "ChessBase"]
[SourceQuality "1"]
[TimeControl "180+2"]

1. e4 c5 2. Nf3 Nc6 3. Bb5 Qc7 4. O-O a6 5. Bxc6 dxc6 6. h3 e5 7. d3 Ne7 8. a4 a5 9. Na3 Ng6 10. Be3 Be7 11. Qd2 f6 12. Nc4 Be6 13. b3 O-O 14. Qc3 b6 15. Nh2 Bd8 16. Qd2 Qd7 17. c3 Bc7 18. Rad1 Rad8 19. Qe2 Qc8 20. Nf3 Rf7 21. Rd2 Ne7 22. Rb1 g5 23. d4 cxd4 24. cxd4 g4 25. hxg4 Bxg4 26. Rbd1 Rg7 27. dxe5 Rxd2 28. Rxd2 fxe5 29. Bxb6 Bxb6 30. Nxb6 Qf8 31. Rd3 Bh3 32. Nh4 Bg4 33. Qe3 Qf6 34. Rd8+ Kf7 35. Nf5 Bxf5 36. exf5 Qxf5 37. Nc4 Qb1+ 38. Kh2 Ng6 39. Nxe5+ Nxe5 40. Qxe5 Qg6 41. Rd7+ Kf8 42. Qb8+ Qe8 43. Qxe8+ 1-0

[Event "EWIBCC 2019"]
[Site "Monte-Carlo"]
[Date "2019.11.29"]
[Round "5.17"]
[White "Janzelj, Lara"]
[Black "Unuk, Laura"]
[Result "1/2-1/2"]
[ECO "E12"]
[WhiteElo "2158"]
[BlackElo "2298"]
[Annotator "NA"]
[PlyCount "78"]
[EventDate "2019.11.29"]
[EventType "swiss"]
[EventCountry "MNC"]
[SourceTitle "playchess.com"]
[Source "ChessBase"]
[SourceQuality "1"]
[TimeControl "180+2"]

1. d4 e6 2. c4 Nf6 3. Nf3 b6 4. a3 Bb7 5. Nc3 d5 6. cxd5 Nxd5 7. Qc2 Nxc3 8. bxc3 c5 9. e4 Qc7 10. Bb5+ Bc6 11. Bxc6+ Nxc6 12. O-O Rc8 13. d5 Ne5 14. Nxe5 Qxe5 15. Qa4+ Kd8 16. Rd1 Bd6 17. dxe6 Qxh2+ 18. Kf1 fxe6 19. Bg5+ Kc7 20. Qxa7+ Kc6 21. Qa4+ Kc7 22. e5 Qxe5 23. Rxd6 Qxd6 24. Rd1 Ra8 25. Qg4 Qc6 26. Bf4+ Kb7 27. Qxg7+ Ka6 28. Qg3 Rhg8 29. Qd3+ c4 30. Qc2 Qxg2+ 31. Ke2 Qg4+ 32. Ke3 Qh3+ 33. f3 Qf5 34. Qa4+ Qa5 35. Qxc4+ Qb5 36. Qa2 Rac8 37. Rd3 Qc5+ 38. Ke4 Qf5+ 39. Ke3 e5 1/2-1/2

[Event "EWIBCC 2019"]
[Site "Monte-Carlo"]
[Date "2019.11.29"]
[Round "5.18"]
[White "Skuhala, Barbara"]
[Black "Novkovic, Julia"]
[Result "0-1"]
[ECO "C55"]
[WhiteElo "2109"]
[BlackElo "2161"]
[Annotator "ChessBase"]
[PlyCount "92"]
[EventDate "2019.11.29"]
[EventType "swiss"]
[EventCountry "MNC"]
[SourceTitle "playchess.com"]
[Source "ChessBase"]
[SourceQuality "1"]
[TimeControl "180+2"]

1. e4 e5 2. Nf3 Nc6 3. Bc4 Nf6 4. d3 Be7 5. O-O d6 6. h3 Na5 7. Bb3 O-O 8. c3 Nxb3 9. axb3 a6 10. Re1 Re8 11. Nbd2 h6 12. Nf1 Bf8 13. Ng3 g6 14. d4 exd4 15. cxd4 Bg7 16. Qd3 Bd7 17. Bf4 Bc6 18. d5 Bb5 19. Qd2 Nd7 20. Bxh6 Bxh6 21. Qxh6 Qf6 22. Rac1 Nc5 23. Rc3 a5 24. h4 Qg7 25. Qd2 Re7 26. h5 Rae8 27. hxg6 fxg6 28. e5 b6 29. e6 Na6 30. Qg5 Nb4 31. Rd1 Rf8 32. Nh4 Rf6 33. Rf3 Rxf3 34. gxf3 Kh7 35. Kg2 Be2 36. Rh1 Kg8 37. Nxg6 Re8 38. Rh8+ Qxh8 39. Nxh8+ Kxh8 40. Nf5 Rg8 41. Qxg8+ Kxg8 42. Ne3 Bb5 43. f4 Kg7 44. f5 Kf6 45. Ng4+ Kxf5 46. Ne3+ Ke4 0-1

[Event "EWIBCC 2019"]
[Site "Monte-Carlo"]
[Date "2019.11.29"]
[Round "5.19"]
[White "Petrova, Irina"]
[Black "Arakhamia-Grant, Ketevan"]
[Result "0-1"]
[ECO "C10"]
[WhiteElo "2109"]
[BlackElo "2376"]
[Annotator "NA"]
[PlyCount "107"]
[EventDate "2019.11.29"]
[EventType "swiss"]
[EventCountry "MNC"]
[SourceTitle "playchess.com"]
[Source "ChessBase"]
[SourceQuality "1"]
[TimeControl "180+2"]

1. d4 Nf6 2. Bg5 d5 3. Nc3 Nbd7 4. Nf3 e6 5. e4 dxe4 6. Nxe4 Be7 7. Bxf6 Nxf6 8. Nxf6+ Bxf6 9. c3 O-O 10. Bd3 Bd7 11. Qc2 h6 12. Be4 Rb8 13. O-O Qe7 14. Rad1 Rfd8 15. Ne5 Be8 16. f4 c5 17. Qf2 cxd4 18. Rxd4 Bxe5 19. fxe5 Qg5 20. Rxd8 Rxd8 21. Bxb7 Qxe5 22. Qxa7 Rd2 23. Qa8 Qc5+ 24. Kh1 Qb5 25. Rg1 Rxb2 26. Bf3 Qa4 27. Qd8 Rxa2 28. h3 Kh7 29. Qd3+ g6 30. Bd1 Qa6 31. Qf3 Kg7 32. Rf1 Ra1 33. Qf6+ Kg8 34. Qf3 Qb5 35. Be2 Rxf1+ 36. Qxf1 Qc5 37. c4 Bc6 38. Kh2 Qe5+ 39. Kh1 Qe3 40. Kh2 Kg7 41. Bd3 Qe5+ 42. Kh1 Qd4 43. Kh2 e5 44. Be2 e4 45. Qb1 Qe5+ 46. Kh1 h5 47. Qc1 e3 48. c5 Qg3 49. Qf1 Qxh3+ 50. Kg1 Qg3 51. Bc4 Qc7 52. Qe2 Qe7 53. Kf1 Qf6+ 54. Ke1 0-1

[Event "EWIBCC 2019"]
[Site "Monte-Carlo"]
[Date "2019.11.29"]
[Round "5.20"]
[White "Solozhenkina, Elizaveta"]
[Black "Nicoara, Malina"]
[Result "1-0"]
[ECO "B03"]
[WhiteElo "2314"]
[BlackElo "2066"]
[Annotator "NA"]
[PlyCount "79"]
[EventDate "2019.11.29"]
[EventType "swiss"]
[EventCountry "MNC"]
[SourceTitle "playchess.com"]
[Source "ChessBase"]
[SourceQuality "1"]
[TimeControl "180+2"]

1. e4 Nf6 2. e5 Nd5 3. d4 d6 4. c4 Nb6 5. exd6 cxd6 6. Nc3 g6 7. Be3 Bg7 8. Rc1 O-O 9. b3 Nc6 10. d5 Ne5 11. Be2 a5 12. f4 Ned7 13. Nf3 Nc5 14. O-O Bg4 15. h3 Bxf3 16. Bxf3 Nbd7 17. Bd4 Re8 18. Re1 e5 19. dxe6 fxe6 20. Bxg7 Kxg7 21. Qxd6 Ra6 22. Qd4+ Kg8 23. Rcd1 Qc7 24. Nb5 Qb6 25. Kh1 Nf8 26. Re5 Nfd7 27. Re2 Raa8 28. Nd6 Rf8 29. Nxb7 Rac8 30. Nxc5 Nxc5 31. Qd6 Qb4 32. Qe5 a4 33. Re3 axb3 34. axb3 Rf7 35. Bg4 Re8 36. Rd6 Qa3 37. Kh2 Qa7 38. b4 Nd7 39. Qc3 Nf6 40. Bxe6 1-0

[Event "EWIBCC 2019"]
[Site "Monte-Carlo"]
[Date "2019.11.29"]
[Round "6.1"]
[White "Bodnaruk, Anastasia"]
[Black "Gaponenko, Inna"]
[Result "0-1"]
[ECO "B79"]
[WhiteElo "2412"]
[BlackElo "2427"]
[Annotator "NA"]
[PlyCount "70"]
[EventDate "2019.11.29"]
[EventType "swiss"]
[EventCountry "MNC"]
[SourceTitle "playchess.com"]
[Source "ChessBase"]
[SourceQuality "1"]
[TimeControl "180+2"]

1. e4 c5 2. Nf3 d6 3. d4 cxd4 4. Nxd4 Nf6 5. Nc3 g6 6. Be3 Bg7 7. f3 Nc6 8. Bc4 O-O 9. Qd2 Bd7 10. h4 Qa5 11. Bb3 Ne5 12. O-O-O Rfc8 13. g4 b5 14. h5 b4 15. Nd5 Nxd5 16. Bxd5 Nc4 17. Bxc4 Rxc4 18. Kb1 Qe5 19. hxg6 hxg6 20. Qd3 Rac8 21. Rd2 d5 22. exd5 Qxd5 23. Nb3 Qxd3 24. cxd3 R4c7 25. d4 Bc6 26. Rf1 Bd5 27. Nc5 a5 28. f4 Rc6 29. f5 e5 30. fxe6 fxe6 31. Nd3 Be4 32. Rfd1 Rc4 33. Ka1 Bxd4 34. Bxd4 Rxd4 35. b3 Rcd8 0-1

[Event "EWIBCC 2019"]
[Site "Monte-Carlo"]
[Date "2019.11.29"]
[Round "6.5"]
[White "Michna, Marta"]
[Black "Babiy, Olga"]
[Result "1-0"]
[ECO "A07"]
[WhiteElo "2366"]
[BlackElo "2249"]
[Annotator "NA"]
[PlyCount "73"]
[EventDate "2019.11.29"]
[EventType "swiss"]
[EventCountry "MNC"]
[SourceTitle "playchess.com"]
[Source "ChessBase"]
[SourceQuality "1"]
[TimeControl "180+2"]

1. Nf3 d5 2. g3 Bg4 3. Bg2 c6 4. d3 Nd7 5. O-O e6 6. Nbd2 Bd6 7. h3 Bh5 8. e4 Ne7 9. c3 O-O 10. Qc2 b5 11. a4 Qb6 12. a5 Qc7 13. Re1 e5 14. Nh4 Rad8 15. g4 Bg6 16. Nf5 Nc5 17. Nf1 f6 18. N1g3 Bf7 19. Nxd6 Qxd6 20. Nf5 Nxf5 21. exf5 Rfe8 22. Bd2 h6 23. b4 Nd7 24. Re2 c5 25. Rae1 c4 26. dxc4 dxc4 27. Be3 Qc7 28. Rd2 Nf8 29. Red1 Nh7 30. Rxd8 Rxd8 31. Rxd8+ Qxd8 32. Bxa7 h5 33. Be3 hxg4 34. hxg4 Nf8 35. a6 Bd5 36. Qd1 e4 37. Bxe4 1-0

[Event "EWIBCC 2019"]
[Site "Monte-Carlo"]
[Date "2019.11.29"]
[Round "6.6"]
[White "Buksa, Nataliya"]
[Black "Kazarian, Anna-Maja"]
[Result "1-0"]
[ECO "B19"]
[WhiteElo "2410"]
[BlackElo "2109"]
[Annotator "NA"]
[PlyCount "94"]
[EventDate "2019.11.29"]
[EventType "swiss"]
[EventCountry "MNC"]
[SourceTitle "playchess.com"]
[Source "ChessBase"]
[SourceQuality "1"]
[TimeControl "180+2"]

1. e4 c6 2. d4 d5 3. Nc3 dxe4 4. Nxe4 Bf5 5. Ng3 Bg6 6. h4 h6 7. Nf3 Nd7 8. h5 Bh7 9. Bd3 Bxd3 10. Qxd3 e6 11. Bd2 Ngf6 12. O-O-O Be7 13. Kb1 O-O 14. Rhe1 Qc7 15. Qe2 Rad8 16. Ne5 c5 17. Ng6 fxg6 18. Qxe6+ Kh7 19. hxg6+ Kxg6 20. Nf5 Rfe8 21. Bxh6 gxh6 22. Rh1 Bf8 23. Nh4+ Kg7 24. Qf5 Re4 25. dxc5 Rf4 26. Qg6+ Kh8 27. Qg3 Nxc5 28. Ng6+ Kh7 29. Nxf4 Nce4 30. Qg6+ Kh8 31. Ne6 Rxd1+ 32. Rxd1 Qe7 33. Nxf8 Qxf8 34. Qf5 Qe7 35. Qc8+ Kg7 36. f3 Nf2 37. Rc1 b6 38. a3 Nd5 39. Qf5 Nf6 40. g4 Qe3 41. a4 Nh3 42. Rd1 Nf4 43. Qc8 N4d5 44. Qb7+ Kg6 45. Rxd5 Qe1+ 46. Ka2 Nxd5 47. Qxd5 Qe2 1-0

[Event "EWIBCC 2019"]
[Site "Monte-Carlo"]
[Date "2019.11.29"]
[Round "6.11"]
[White "Belenkaya, Dina"]
[Black "Paehtz, Elisabeth"]
[Result "0-1"]
[ECO "B23"]
[WhiteElo "2302"]
[BlackElo "2484"]
[Annotator "RC"]
[PlyCount "116"]
[EventDate "2019.11.29"]
[EventType "swiss"]
[EventCountry "MNC"]
[SourceTitle "playchess.com"]
[Source "ChessBase"]
[SourceQuality "1"]
[TimeControl "180+2"]

1. e4 c5 2. Nc3 a6 3. g3 b5 4. Bg2 Bb7 5. d3 e6 6. Nge2 Nc6 7. O-O d6 8. Be3 Nf6 9. h3 Be7 10. f4 Qc7 11. Qd2 Rd8 12. Bf2 d5 13. exd5 exd5 14. g4 b4 15. Na4 d4 16. Bg3 O-O 17. a3 Nd5 18. axb4 Ncxb4 19. Rf2 Ne3 20. Bxb7 Qxb7 21. c3 Nbc2 22. Rc1 Qb3 23. cxd4 Qxa4 24. d5 c4 25. Nc3 Qb3 26. dxc4 Bc5 27. Ne4 Ba7 28. Kh2 Nxg4+ 29. hxg4 Bxf2 30. Bxf2 Nb4 31. d6 Qf3 32. Ng5 Qb7 33. c5 h6 34. Nh3 a5 35. Qc3 Qc6 36. Bd4 Rfe8 37. Rf1 Re2+ 38. Rf2 Rxf2+ 39. Nxf2 f6 40. Bxf6 Nd5 41. Qc4 gxf6 42. Ne4 Kg7 43. g5 hxg5 44. fxg5 Rh8+ 45. Kg3 f5 46. Nf6 Nxf6 47. gxf6+ Kg6 48. f7 Qd7 49. Qd5 Rc8 50. c6 Qa7 51. Qe6+ Kg5 52. Qe3+ Kf6 53. d7 Qxe3+ 54. Kg2 Rh8 55. c7 Qe2+ 56. Kg3 Qg4+ 57. Kf2 Qf4+ 58. Ke2 Qxc7 0-1

[Event "EWIBCC 2019"]
[Site "Monte-Carlo"]
[Date "2019.11.29"]
[Round "6.12"]
[White "Reizniece-Ozola, Dana"]
[Black "Solozhenkina, Elizaveta"]
[Result "1-0"]
[ECO "A22"]
[WhiteElo "2305"]
[BlackElo "2314"]
[Annotator "ChessBase"]
[PlyCount "83"]
[EventDate "2019.11.29"]
[EventType "swiss"]
[EventCountry "MNC"]
[SourceTitle "playchess.com"]
[Source "ChessBase"]
[SourceQuality "1"]
[TimeControl "180+2"]

1. c4 e5 2. Nc3 Nf6 3. g3 d5 4. cxd5 Nxd5 5. Bg2 Nb6 6. e3 Nc6 7. Nge2 h5 8. h4 Bg4 9. f3 Be6 10. d4 exd4 11. exd4 Nd5 12. O-O Be7 13. Ne4 Qd7 14. Bg5 f6 15. Bd2 O-O-O 16. Rc1 Rdg8 17. Qa4 g5 18. hxg5 fxg5 19. Nc5 Bxc5 20. Rxc5 Nb6 21. Qd1 Nxd4 22. Bc3 Nxe2+ 23. Qxe2 Rh6 24. Be5 c6 25. Rd1 Bd5 26. f4 Qe7 27. b4 gxf4 28. Bxd5 Nxd5 29. Rdxd5 Rxg3+ 30. Kf1 Rhg6 31. Qxh5 Rg1+ 32. Kf2 R6g2+ 33. Kf3 Rg3+ 34. Ke4 Re1+ 35. Kf5 Qf8+ 36. Ke6 Qg8+ 37. Kf5 Qf8+ 38. Ke6 Qg8+ 39. Kf5 Qf8+ 40. Bf6 Re8 41. Re5 Rxe5+ 42. Rxe5 1-0

[Event "EWIBCC 2019"]
[Site "Monte-Carlo"]
[Date "2019.11.29"]
[Round "6.15"]
[White "Savina, Anastasia"]
[Black "Benmesbah, Natacha"]
[Result "1-0"]
[ECO "E90"]
[WhiteElo "2354"]
[BlackElo "2265"]
[Annotator "NA"]
[PlyCount "60"]
[EventDate "2019.11.29"]
[EventType "swiss"]
[EventCountry "MNC"]
[SourceTitle "playchess.com"]
[Source "ChessBase"]
[SourceQuality "1"]
[TimeControl "180+2"]

1. d4 Nf6 2. c4 c5 3. d5 g6 4. Nc3 Bg7 5. Nf3 d6 6. h3 O-O 7. e4 e6 8. Bd3 exd5 9. exd5 Re8+ 10. Be3 Nbd7 11. O-O a6 12. Re1 Nh5 13. Qd2 Ne5 14. Nxe5 Rxe5 15. g4 Qh4 16. Bf1 Bxg4 17. hxg4 Qxg4+ 18. Bg2 Rae8 19. Ne2 f5 20. Kf1 Qxc4 21. Rac1 Qh4 22. Bg5 Qg4 23. f3 Qa4 24. b3 Qb5 25. a4 Qxb3 26. Nf4 Rxe1+ 27. Rxe1 Qc4+ 28. Kg1 Rxe1+ 29. Qxe1 Nxf4 30. Qe8+ Bf8 1-0

[Event "EWIBCC 2019"]
[Site "Monte-Carlo"]
[Date "2019.11.29"]
[Round "6.16"]
[White "Mkrtchian, Lilit"]
[Black "Gaprindashvili, Nona"]
[Result "1-0"]
[ECO "A41"]
[WhiteElo "2402"]
[BlackElo "2275"]
[Annotator "ChessBase"]
[PlyCount "119"]
[EventDate "2019.11.29"]
[EventType "swiss"]
[EventCountry "MNC"]
[SourceTitle "playchess.com"]
[Source "ChessBase"]
[SourceQuality "1"]
[TimeControl "180+2"]

1. c4 d6 2. Nc3 e5 3. g3 g6 4. d4 Nd7 5. Bg2 Bg7 6. Nf3 Nh6 7. h4 f6 8. h5 Nf7 9. hxg6 hxg6 10. Rxh8+ Bxh8 11. Nh4 Nf8 12. Be3 c6 13. Qd2 Bd7 14. O-O-O Qa5 15. Kb1 O-O-O 16. d5 c5 17. Qc2 f5 18. Bc1 Bf6 19. Rh1 e4 20. Bd2 Qa6 21. b3 g5 22. Nxf5 Bxc3 23. Ne7+ Kc7 24. Bxc3 Re8 25. Ng8 Bf5 26. Nf6 Re7 27. Bxe4 Bxe4 28. Nxe4 b5 29. cxb5 Qxb5 30. f3 Nd7 31. Rh7 a5 32. a4 Qb7 33. Bxa5+ Kb8 34. Qb2 Qxd5 35. Nc3 Qf5+ 36. Qc2 Qxh7 37. Qxh7 Kb7 38. Qg7 Nde5 39. Qf6 Rd7 40. Nd5 c4 41. Bc3 Nc6 42. b4 Nfe5 43. Bxe5 dxe5 44. Nc3 Nxb4 45. Qxe5 Nc6 46. Qb5+ Kc7 47. Qxc4 Rd4 48. Nb5+ Kb6 49. Nxd4 Nxd4 50. Qxd4+ Kc6 51. Qf6+ Kd5 52. Qxg5+ Kc4 53. Qb5+ Kd4 54. a5 Ke3 55. a6 Kf2 56. a7 Kg2 57. a8=Q Kg1 58. Qa7+ Kf1 59. e4+ Kg2 60. Qe2+ 1-0

[Event "EWIBCC 2019"]
[Site "Monte-Carlo"]
[Date "2019.11.29"]
[Round "6.17"]
[White "Limanovska, Elizabete"]
[Black "Worek, Joanna"]
[Result "1-0"]
[ECO "B31"]
[WhiteElo "2178"]
[BlackElo "2316"]
[Annotator "ChessBase"]
[PlyCount "107"]
[EventDate "2019.11.29"]
[EventType "swiss"]
[EventCountry "MNC"]
[SourceTitle "playchess.com"]
[Source "ChessBase"]
[SourceQuality "1"]
[TimeControl "180+2"]

1. e4 c5 2. Nf3 Nc6 3. Bb5 g6 4. Bxc6 dxc6 5. d3 Bg7 6. O-O e5 7. a3 Qe7 8. b4 Nf6 9. Nbd2 O-O 10. Nc4 Nd7 11. Qe2 h6 12. bxc5 Nxc5 13. Be3 b5 14. Ncd2 Ne6 15. Nb3 a5 16. a4 b4 17. Qd2 Kh7 18. Ne1 Ba6 19. Nxa5 Qd6 20. Nb3 f5 21. exf5 gxf5 22. Rb1 f4 23. Bb6 Ng5 24. Bc5 Qg6 25. f3 Rfd8 26. Qe2 Re8 27. Nd2 Bb7 28. Rxb4 Bc8 29. Kh1 Ra5 30. Bb6 Ra8 31. Ne4 Nf7 32. a5 Ba6 33. Nc5 Bb5 34. c4 Ba6 35. Nxa6 Rxa6 36. Qe4 Nd6 37. Qxg6+ Kxg6 38. Rf2 Nf5 39. Kg1 Bf8 40. Rb1 Ne3 41. Nc2 Nf5 42. Kf1 Rb8 43. Nb4 Bxb4 44. Rxb4 Ne3+ 45. Ke2 Nc2 46. Rb2 Nd4+ 47. Bxd4 Rxb2+ 48. Bxb2 Kf5 49. Bc3 Ra8 50. Rf1 Rb8 51. Ra1 h5 52. a6 Ra8 53. a7 h4 54. Ra5 1-0